 Dungeon Crawl Stone Soup version 0.31-a0-196-g86fe4a5e66 (webtiles) character file.

Game seed: 14359399161559372247

2561 porpoise the Slicer (level 9, -2/53 HPs)
             Began as a Tengu Gladiator on June 25, 2023.
             Was a Follower of Hepliaklqana.
             Killed from afar by an electric eel (8 damage)
             ... with a bolt of electricity
             ... in a bailey.
             The game lasted 00:25:27 (5718 turns).

porpoise the Slicer (Tengu Gladiator)               Turns: 5718, Time: 00:25:28

Health: -2/53      AC:  7    Str: 15    XL:     9   Next: 56%
Magic:  10/10      EV: 24    Int:  9    God:    Hepliaklqana [*.....]
Gold:   414        SH:  0    Dex: 19    Spells: 8/8 levels left

rFire   . . .        a - +1 dagger (venom)
rCold   . . .        (no shield)
rNeg    . . .        f - +3 leather armour
rPois   .            c - +1 hat
rElec   .            (no cloak)
rCorr   .            (no gloves)
SInv    .            (boots unavailable)
Will    +....        k - amulet of regeneration
Stlth   ++++         m - +5 ring of evasion
HPRegen 1.08/turn    y - ring of willpower
MPRegen 0.12/turn

%: no passive effects
@: attractive, flying quickly and evasively, quick
A: reduced essence, beak, talons 3, nimble flight
a: Renounce Religion, Recall Ancestor, Ancestor Identity


You were in a bailey.
You worshipped Hepliaklqana.
Hepliaklqana was aware of your devotion.
You visited 2 branches of the dungeon, and saw 8 of its levels.
You also visited: Sewer and Bailey.

You collected 414 gold pieces.

Inventory:

Hand Weapons
 a - a +1 dagger of venom (weapon)
 b - a +0 rapier
 p - a +2 dagger of speed
 q - a +1 short sword of venom
 A - a +0 rapier of draining
 H - a +2 dagger of speed
Missiles
 d - 4 throwing nets
 e - a javelin
 j - 21 poisoned darts (quivered)
 v - 15 boomerangs
Armour
 c - a +1 hat (worn)
 f - a +3 leather armour (worn)
Jewellery
 g - an amulet of faith
 k - an amulet of regeneration (around neck)
 m - a +5 ring of evasion (left hand)
 r - an amulet of regeneration
 s - a +6 ring of dexterity
 y - a ring of willpower (right hand)
 D - an amulet of magic regeneration
Wands
 x - a wand of mindburst (19)
 B - a wand of paralysis (11)
 G - a wand of digging (5)
Scrolls
 l - 2 scrolls of amnesia
Potions
 h - 4 potions of curing
 i - 2 potions of lignification
 n - 6 potions of haste
 o - a potion of attraction
 u - 2 potions of brilliance
 w - 2 potions of might
 z - a potion of degeneration {unknown}
 E - a potion of enlightenment {unknown}
 J - a potion of heal wounds {unknown}


   Skills:
 + Level 8.1 Fighting
 - Level 10.0 Short Blades
 - Level 2.0 Throwing
 + Level 4.1 Armour
 - Level 7.0 Dodging
 - Level 7.0 Stealth


You had 8 spell levels left.
You didn't know any spells.
Your spell library contained the following spells:

 Spells                   Type           Power      Damage    Failure   Level
 Slow                     Hex            0%         N/A       45%         1
 Confusing Touch          Hex            0%         N/A       83%         3
 Ozocubu's Armour         Ice            0%         N/A       83%         3
 Vampiric Draining        Necr           0%         2d6       83%         3
 Metabolic Englaciation   Hex/Ice        0%         N/A       100%        5
 Simulacrum               Ice/Necr       0%         N/A       100%        6


Dungeon Overview and Level Annotations

Branches:
Dungeon (7/15)             Temple (1/1) D:5           Sewer (visited)
 Bailey (1/1)

Altars:
Ashenzari
Dithmenos
Elyvilon
Fedhas
Gozag
Hepliaklqana
Makhleb
Nemelex Xobeh
Qazlal
Ru
Sif Muna
Trog
Uskayaw
Vehumet
Wu Jian
Yredelemnul
Zin
The Shining One

Shops:
D:1 (


Innate Abilities, Weirdness & Mutations

Your life essence is reduced to manifest your ancestor. (-10% HP)
You have a beak for a mouth.
You have claws for feet.
Your magical nature lets you fly swiftly and evasively.


Message History

The bolt of electricity hits you!
* * * LOW HITPOINT WARNING * * *
You barely miss the electric eel. You peck the electric eel.
The electric eel is heavily wounded.
Nikki hits the electric eel.
You hit the electric eel.
The electric eel is poisoned.
Your kick misses the electric eel.
The electric eel is almost dead.
You hit the electric eel but do no damage.
The electric eel looks even sicker.
You peck the electric eel, but do no damage.
The electric eel is almost dead.
Nikki hits the electric eel but does no damage.
You hit the electric eel.
You kill the electric eel!
You hear a splash.
You start resting.
Ancestor HP restored.
You start resting.
HP restored.
Okay, then.
An electric eel comes into view.
The electric eel shoots out a bolt of lightning at you!
The bolt of electricity hits you!
The electric eel shoots out a bolt of lightning at you!
The bolt of electricity hits you.
The electric eel shoots out a bolt of lightning at you!
The bolt of electricity hits you!
The electric eel shoots out a bolt of lightning at you!
The bolt of electricity hits you!
The electric eel shoots out a bolt of lightning at you!
The bolt of electricity hits you!
* * * LOW HITPOINT WARNING * * *
The electric eel shoots out a bolt of lightning at you!
The bolt of electricity misses you.
Really quaff the potion of attraction?
You feel attractive to monsters.
The electric eel shoots out a bolt of lightning at you!
The bolt of electricity hits you!
You die...

#######################
≈≈≈≈≈≈≈≈≈≈≈≈≈≈≈≈≈≈≈≈S≈#
≈≈≈≈≈≈≈≈≈≈≈≈≈≈≈≈≈≈≈≈≈≈#
≈≈≈≈≈≈≈≈≈≈≈≈≈≈≈R≈≈≈≈≈≈#
≈≈≈≈≈≈≈≈≈≈≈≈≈≈≈≈@≈≈≈≈≈#
≈≈≈≈≈≈≈≈≈≈≈≈≈≈≈≈≈≈≈≈≈≈#
≈≈≈≈≈≈≈≈≈≈≈≈≈≈≈≈≈≈≈≈≈≈#
≈≈≈≈≈≈≈≈≈≈≈≈≈≈≈≈≈≈≈≈≈≈#
≈≈≈≈≈≈≈≈≈≈≈≈≈≈≈≈≈≈≈≈≈≈#
~~~~~~~~~~~######≈≈≈≈≈#
...........+ ≈≈≈≈≈#
############ ≈≈≈≈≈#


You could see the friendly Nikki the ancestor and an electric eel (ally target).

Vanquished Creatures
  Grinder (D:5)
  Prince Ribbit (D:5)
  Eustachio (D:4)
  2 black bears
  An ogre (D:5)
  2 phantoms
  3 kobold brigands
  Blork the orc (D:4)
  2 scorpions
  2 wights (D:7)
  2 electric eels (Bailey)
  A howler monkey (D:6)
  A jelly (D:4)
  2 orc priests
  A gnoll bouda (D:7)
  Ijyb (D:5)
  5 iguanas
  3 sleepcaps
  8 orc wizards
  7 gnolls
  11 adders
  A shadow imp (D:6)
  3 worms (D:6)
  A dart slug (D:5)
  23 orcs
  6 ball pythons
  3 endoplasms
  3 giant cockroaches
  9 goblins
  12 hobgoblins
  10 jackals
  4 quokkas
  5 bats
  A frilled lizard (Sewer)
  15 kobolds
  11 rats
165 creatures vanquished.

Vanquished Creatures (collateral kills)
  A wight (D:7)
  A gnoll (D:7)
  A kobold (D:7)
3 creatures vanquished.

Grand Total: 168 creatures vanquished

Notes
Turn   | Place    | Note
-------+----------+-------------------------------------------
     0 | D:1      | porpoise the Tengu Gladiator began the quest for the Orb.
     0 | D:1      | Reached XP level 1. HP: 12/12 MP: 2/2
    65 | D:1      | Found a faded altar of an unknown god.
    72 | D:1      | Reached XP level 2. HP: 17/17 MP: 3/3
   689 | D:1      | Found Elupt's Antique Weapon Boutique.
   769 | D:2      | Reached skill level 1 in Stealth
   769 | D:2      | Reached XP level 3. HP: 20/22 MP: 4/4
   770 | D:2      | Reached skill level 4 in Short Blades
   979 | D:2      | Found a sacrificial altar of Ru.
  1152 | D:2      | Reached XP level 4. HP: 18/27 MP: 5/5
  1224 | D:2      | Reached skill level 8 in Short Blades
  1224 | D:2      | Reached skill level 5 in Dodging
  1224 | D:2      | Gained mutation: Your magical nature lets you fly swiftly
                  | and evasively. [Tengu growth]
  1224 | D:2      | Reached XP level 5. HP: 37/37 MP: 6/6
  1515 | D:3      | Found a shimmering blue altar of Sif Muna.
  1880 | D:3      | Found a glowing golden altar of the Shining One.
  1989 | D:4      | Noticed Blork the orc
  2107 | D:4      | Killed Blork the orc
  2108 | D:4      | Reached XP level 6. HP: 32/42 MP: 7/7
  2319 | D:4      | Noticed Eustachio
  2345 | D:4      | Killed Eustachio
  2477 | D:4      | Reached XP level 7. HP: 48/48 MP: 8/8
  2992 | D:5      | Entered Level 5 of the Dungeon
  3114 | D:5      | Noticed Grinder
  3139 | D:5      | Reached skill level 9 in Short Blades
  3149 | D:5      | Reached XP level 8. HP: 53/53 MP: 9/9
  3152 | D:5      | Killed Grinder
  3244 | D:5      | Noticed Prince Ribbit
  3249 | D:5      | Killed Prince Ribbit
  3250 | D:5      | Reached skill level 10 in Short Blades
  3398 | D:5      | Found a white marble altar of Elyvilon.
  3445 | D:5      | Reached skill level 1 in Armour
  3608 | D:5      | Noticed Ijyb
  3616 | D:5      | Killed Ijyb
  3776 | D:5      | Found a staircase to the Ecumenical Temple.
  3785 | Temple   | Entered the Ecumenical Temple
  3833 | Temple   | Became a worshipper of Hepliaklqana the Forgotten
  4078 | D:6      | Found an ornate altar of the Wu Jian Council.
  4199 | D:6      | Found a glowing silver altar of Zin.
  4345 | D:6      | Reached XP level 9. HP: 53/57 MP: 10/10
  4689 | D:6      | Found a glowing drain.
  4708 | Sewer    | Entered a sewer
  5182 | D:7      | Reached * piety under Hepliaklqana
  5482 | D:7      | Found a flagged portal.
  5607 | Bailey   | Entered a bailey
  5637 | Bailey   | HP: 1/53 [electric eel/bolt of electricity (13)]
  5718 | Bailey   | Killed from afar by an electric eel

Illustrated notes

Levels and vault maps discovered:
D:1:      dpeg_arrival_fog, layout_basic, hellmonk_ecumenical_altar_arch_garden,
          serial_shops, nicolae_shop_just_a_little_nook,
          chequers_serial_rivers_micro_d, chequers_serial_rivers_marsh
D:2:      layout_basic, basic_altar, minmay_between
D:3:      layout_rooms, mainiacjoe_overflow_alcove_2,
          mainiacjoe_overflow_tiny_flanked, grunt_ministairs_13
D:4:      layout_rooms, hex_tiny, nicolae_figureground_pulse,
          uniq_blork_the_orc, uniq_eustachio
D:5:      layout_loops_cross, elyvilon_altar_3, minmay_temple_entry_poolview,
          uniq_grinder, uniq_ijyb, uniq_prince_ribbit1
D:6:      layout_loops_ring, nicolae_wu_jian_immortal_techniques,
          lemuel_doored_altar, cheibrodos_sewer_entry_bend
D:7:      layout_loops_cross, serial_glass, glass_columns_a, glass_columns_b,
          glass_columns_a, glass_columns_a, glass_columns_c, glass_columns_b,
          glass_columns_b, glass_columns_a, glass_columns_c, glass_columns_c,
          glass_columns_a, glass_columns_c, glass_columns_a, glass_columns_a,
          feat_on_display, feat_on_display, enter_bailey_5
Temple:   nicolae_temple_god_jail
Bailey:   bailey_axe_of_yendor_kennysheep, bailey

Skill      XL: |  1  2  3  4  5  6  7  8  9 |
---------------+----------------------------+-----
Stealth        | 1 6 7 |  7.0
Short Blades   | 4 8 9 10 | 10.0
Fighting       | 6 7 8 |  8.1
Dodging        | 5 6 7 |  7.0
Armour         | 2 4 |  4.1
Throwing       | |  2.0

Action                     |  1- 3 |  4- 6 |  7- 9 || total
---------------------------+-------+-------+-------++-------
  Melee: Rapier            |    50 |       |       ||    50
         Kick              |    17 |    37 |   136 ||   190
         Peck              |     5 |    16 |    88 ||   109
         Punch             |     1 |       |     5 ||     6
         Dagger            |    17 |   108 |   356 ||   481
  Throw: Dart              |       |     6 |       ||     6
 Invoke: Ancestor Identity |       |       |     1 ||     1
    Use: Scroll            |     2 |     4 |     9 ||    15
         Potion            |       |     1 |     1 ||     2
   Stab: Sleeping          |       |     7 |    20 ||    27
         Distracted        |       |       |     1 ||     1
 Armour: Leather armour    |    18 |    28 |    18 ||    64
  Dodge: Dodged            |    29 |   116 |   192 ||   337

Table legend: (Time is in decaauts)
 A = Elapsed time spent in this place.
 B = Non-inter-level travel time spent in this place.
 C = Inter-level travel time spent in this place.
 D = Time resting spent in this place.
 E = Time spent auto-exploring this place.
 F = Levels seen in this place.
 G = Mean time per level.
                   A        B        C        D        E       F      G
               +--------+--------+--------+--------+--------+-----+--------+
         Total |   5180 |   5075 |    105 |    819 |   2976 |  10 |  518.0 |
       Dungeon |   4673 |   4580 |     93 |    670 |   2816 |   7 |  667.6 |
        Temple |     56 |     45 |     11 |      0 |     26 |   1 |   56.0 |
         Sewer |    350 |    350 |      0 |    103 |    133 |   1 |  350.0 |
        Bailey |     99 |     99 |      0 |     46 |      0 |   1 |   99.0 |
               +--------+--------+--------+--------+--------+-----+--------+

Top non-repeatable levels by time:
     D:4: 908 daAuts
     D:5: 906 daAuts
     D:1: 727 daAuts
     D:2: 687 daAuts
     D:6: 589 daAuts
     D:3: 482 daAuts
     D:7: 372 daAuts
   Sewer: 350 daAuts
  Bailey: 99 daAuts
  Temple: 56 daAuts
